 Dungeon Crawl Stone Soup version 0.30.1-11-g7821555f0a (webtiles) character file.

Game seed: 14907759622556801079

49 TheDoctor the Chopper (level 3, -4/33 HPs)
             Began as a Minotaur Gladiator on Dec 10, 2023.
             Splashed by a jelly's acid (6 damage)
             ... on level 2 of the Dungeon.
             The game lasted 00:02:18 (855 turns).

TheDoctor the Chopper (Minotaur Gladiator)           Turns: 855, Time: 00:02:19

Health: -4/33      AC: -1    Str: 20    XL:     3   Next: 51%
Magic:  2/2        EV: 12    Int:  5    God:
Gold:   23         SH:  0    Dex: 11    Spells: 2/2 levels left

rFire   . . .        i - +1 dagger (venom)
rCold   . . .        (no shield)
rNeg    . . .        b - +0 leather armour
rPois   .            c - +0 hat
rElec   .            (no cloak)
rCorr   .            (no gloves)
SInv    .            (no boots)
Will    .....        (no amulet)
Stlth   +            (no ring)
HPRegen 0.25/turn    (no ring)
MPRegen 0.08/turn

%: no passive effects
@: corroded
A: horns 2, retaliatory headbutt
a: no special abilities


You were on level 2 of the Dungeon.
You visited 1 branch of the dungeon, and saw 2 of its levels.

You collected 23 gold pieces.

Inventory:

Hand Weapons
 a - a +0 war axe
 i - a +1 dagger of venom (weapon)
Missiles
 d - 3 throwing nets (quivered)
 e - a javelin
Armour
 b - a +0 leather armour (worn)
 c - a +0 hat (worn)
Scrolls
 f - 2 scrolls of identify {unknown}
 g - a scroll of teleportation {unknown}
 h - a scroll of summoning {unknown}
 k - a scroll of blinking {unknown}
 l - a scroll of enchant armour {unknown}
Potions
 j - a potion of flight {unknown}


   Skills:
 + Level 3.8 Fighting
 + Level 4.7 Axes
 - Level 2.0 Throwing
 - Level 3.2 Dodging


You had 2 spell levels left.
You didn't know any spells.
Your spell library was empty.

Dungeon Overview and Level Annotations

Branches:
Dungeon (2/15)

Altars:


Innate Abilities, Weirdness & Mutations

You have a pair of horns on your head.
You reflexively headbutt those who attack you in melee.


Message History

A goblin comes into view. It is wielding a +0 dagger.
Found a metallic clear potion.
The goblin shouts!
The goblin barely misses you. You furiously retaliate!
You headbutt the goblin.
You kill the goblin!
The frilled lizard hisses.
The adder attacks as you move away! The adder barely misses you.
You closely miss the adder. Your headbutt misses the adder.
The adder closely misses you.
You hit the adder.
The adder is poisoned.
The adder is moderately wounded.
The adder closely misses you.
You barely miss the adder. Your headbutt misses the adder.
The adder is moderately wounded.
The adder barely misses you. You furiously retaliate!
You headbutt the adder. The adder bites you.
The adder bites you but does no damage.
You hit the adder.
The adder looks even sicker.
The adder is almost dead.
You kill the adder!
You barely miss the frilled lizard. The frilled lizard closely misses you.
You miss the frilled lizard.
The frilled lizard bites you but does no damage.
The jelly jiggles.
You hit the frilled lizard.
You kill the frilled lizard!
The jelly attacks as you move away! The jelly hits you.
You are splashed with acid.
The jelly attacks as you move away! The jelly barely misses you.
The jelly attacks as you move away! The jelly hits you but does no damage.
You completely miss the jelly. The jelly hits you. The acid corrodes you!
You are splashed with acid!
Okay, then.
The jelly attacks as you move away! The jelly hits you.
You are splashed with acid!
* * * LOW HITPOINT WARNING * * *
The jelly attacks as you move away! The jelly hits you.
* * * LOW HITPOINT WARNING * * *
You are splashed with acid.
You die...

#........#......#
...#.######......#
####.### #.#.##l#
#....^# #.#....#
#..!..# #.###..# #
#.....# #......# #.
#.....# #####.##
####.##.....# #...#
#......@# #.###
#......J# #l#
#....##.# #.#
#...###.####### #J#
#...#.........# #.#
#...)....####.####.#
##..#.#..# #......#
#.......# ########
##.####.#


You could see a jelly.

Vanquished Creatures
  An adder (D:2)
  5 ball pythons
  5 endoplasms (D:1)
  3 giant cockroaches (D:1)
  3 goblins
  8 hobgoblins (D:1)
  3 quokkas
  2 bats (D:2)
  2 frilled lizards
  A rat (D:1)
33 creatures vanquished.

Notes
Turn   | Place    | Note
-------+----------+-------------------------------------------
     0 | D:1      | TheDoctor the Minotaur Gladiator began the quest for the
                  | Orb.
     0 | D:1      | Reached XP level 1. HP: 18/18 MP: 0/0
    74 | D:1      | Reached skill level 4 in Axes
    74 | D:1      | Reached XP level 2. HP: 23/25 MP: 1/1
   426 | D:1      | Reached XP level 3. HP: 26/31 MP: 2/2
   855 | D:2      | Splashed by a jelly's acid

Illustrated notes

Levels and vault maps discovered:
D:1:      shiori_arrival_maze, layout_basic, serial_forest,
          infiniplex_forest_zigzag_1, infiniplex_forest_lined_2,
          infiniplex_forest_lined_3_way, infiniplex_forest_end_1,
          infiniplex_forest_split, infiniplex_forest_lined_4_way,
          infiniplex_forest_straight_2, infiniplex_forest_lined_corner,
          infiniplex_forest_straight_4
D:2:      layout_loops_cross, basic_altar, dreamdust_ecumenical_altar_grove,
          chequers_serial_rivers_micro_d

Skill      XL: |  1  2 |
---------------+-------+-----
Axes           | 4 |  4.7
Fighting       | 3 |  3.8
Throwing       | |  2.0
Dodging        | |  3.2

Action                     || total
---------------------------++-------
  Melee: War axe           ||    39
         Headbutt          ||    10
         Dagger            ||    22
 Armour: Leather armour    ||    13
  Dodge: Dodged            ||    35
